 Dungeon Crawl Stone Soup version 0.28-a0-973-ga7f8b01127 (webtiles) character file.

Game seed: 16335520299340390406

24 horus123 the Slasher (level 2, -7/25 HPs)
             Began as a Draconian Gladiator on Dec 1, 2021.
             Mangled by Sigmund (12 damage)
             ... on level 2 of the Dungeon.
             The game lasted 00:01:08 (871 turns).

horus123 the Slasher (Draconian Gladiator)           Turns: 871, Time: 00:01:09

Health: -7/25      AC:  4    Str: 16    XL:     2   Next: 79%
Magic:  2/2        EV: 12    Int:  8    God:
Gold:   35         SH:  0    Dex: 12    Spells: 1/1 levels left

rFire   . . .      SeeInvis .   a - +0 long sword
rCold   . . .      Faith    .   (no shield)
rNeg    . . .      Spirit   .   (armour unavailable)
rPois   .          Reflect  .   b - +0 hat
rElec   .          Harm     .   (no cloak)
rCorr   .          Rampage  .   (no gloves)
Will    .....                   (no boots)
Stlth   +.........              (no amulet)
HPRegen 0.08/turn               (no ring)
MPRegen 0.08/turn               (no ring)

@: confused
A: AC +4, unfitting armour, cold-blooded
a: no special abilities


You were on level 2 of the Dungeon.
You visited 1 branch of the dungeon, and saw 2 of its levels.

You collected 35 gold pieces.

Inventory:

Hand Weapons
 a - a +0 long sword (weapon)
Missiles
 c - 3 throwing nets (quivered)
Armour
 b - a +0 hat (worn)
Potions
 d - a potion of brilliance
 e - a potion of lignification {unknown}
 f - a potion of berserk rage {unknown}


   Skills:
 - Level 2.4 Fighting
 + Level 3.6 Long Blades
 - Level 1.9 Throwing
 - Level 3.0 Dodging


You had one spell level left.
You didn't know any spells.
Your spell library was empty.

Dungeon Overview and Level Annotations

Branches:
Dungeon (2/15)

Altars:

Annotations:
D:2 Sigmund


Innate Abilities, Weirdness & Mutations

Your plain brown scales are hard. (AC +4)
You cannot fit into any form of body armour.
You are cold-blooded and may be slowed by cold attacks.


Message History

Sigmund shouts!
A goblin comes into view. It is wielding a +0 dagger.
Found an inky potion.
The hobgoblin shouts!
The goblin shouts!
You closely miss the hobgoblin.
Your tail-slap misses the hobgoblin.
The hobgoblin barely misses you. x2
You hit the hobgoblin.
You kill the hobgoblin!
You hit the goblin.
The goblin is moderately wounded.
The goblin barely misses you.
You barely miss the goblin.
The goblin is moderately wounded.
The goblin barely misses you.
Sigmund giggles. "Time to reap what you sow."
Sigmund hits you from afar with a +0 scythe!
The goblin closely misses you.
You hit the goblin.
The goblin is severely wounded.
The goblin hits you but does no damage. Sigmund barely misses you.
You hit the goblin.
You kill the goblin!
Sigmund gestures at you while chanting.
You are confused.
An endoplasm comes into view.
You are too confused!
You are too confused!
You are too confused!
You are too confused!
The endoplasm quivers.
Sigmund gestures at you while chanting. The magic dart hits you.
Sigmund gestures wildly while chanting.
Sigmund flickers and vanishes!
Deactivating autopickup; reactivate with Ctrl-A.
You bump into the rock wall.
Something hits you. Something hits you.
* * * LOW HITPOINT WARNING * * *
Something hits you!
You die...

...#.. ...... ......####
#.......######
#............. #J...## #
##..{.###..# ##.#....#
#..@##.# #.#.....#
#########.#####....
[.#... #.#### .. #.#.#
#....# ###...#
#####.####...
..###....####............
.......<......###.#####..
...##.####.....##..#


You could see an endoplasm.

Vanquished Creatures
  A dart slug (D:1)
  3 ball pythons (D:1)
  5 endoplasms (D:1)
  2 hobgoblins
  3 jackals (D:1)
  3 kobolds (D:1)
  A frilled lizard (D:1)
  A goblin (D:2)
19 creatures vanquished.

Notes
Turn   | Place    | Note
-------+----------+-------------------------------------------
     0 | D:1      | horus123 the Draconian Gladiator began the quest for the
                  | Orb.
     0 | D:1      | Reached XP level 1. HP: 17/17 MP: 1/1
   210 | D:1      | Reached XP level 2. HP: 23/24 MP: 2/2
   856 | D:2      | Noticed Sigmund
   871 | D:2      | Mangled by Sigmund

Illustrated notes

Levels and vault maps discovered:
D:1:      lightli_arrival_statuegarden, layout_basic, corexii_leaking_fountain,
          kennysheep_another_room
D:2:      layout_rooms, hellmonk_ecumenical_altar_blasted, uniq_sigmund

Skill      XL: |  1 |
---------------+----+-----
Dodging        | 3 |  3.0
Fighting       | |  2.4
Long Blades    | |  3.6
Throwing       | |  1.9

Action                   || total
-------------------------++-------
Melee: Long sword        ||    42
       Tailslap          ||     6
  Use: Scroll            ||     2
 Stab: Sleeping          ||     2
Armor: Skin              ||    14
Dodge: Dodged            ||    28

Table legend: (Time is in decaauts)
 A = Elapsed time spent in this place.
 B = Non-inter-level travel time spent in this place.
 C = Inter-level travel time spent in this place.
 D = Time resting spent in this place.
 E = Time spent auto-exploring this place.
 F = Levels seen in this place.
 G = Mean time per level.
                   A        B        C        D        E       F      G
               +--------+--------+--------+--------+--------+-----+--------+
         Total |    880 |    848 |     32 |      0 |    713 |   2 |  440.0 |
       Dungeon |    880 |    848 |     32 |      0 |    713 |   2 |  440.0 |
               +--------+--------+--------+--------+--------+-----+--------+

Top non-repeatable levels by time:
     D:1: 837 daAuts
     D:2: 43 daAuts
